 Dungeon Crawl Stone Soup version 0.22.1-1-ga44c0e5 (webtiles) character file.

113 inc the Conjurer (level 4, 18/18 HPs)
             Began as a Felid Conjurer on Oct 27, 2018.
             Quit the game on level 3 of the Dungeon.
             The game lasted 00:05:25 (4000 turns).

inc the Conjurer (Felid Conjurer)                   Turns: 4000, Time: 00:05:26

Health: 18/18      AC:  1    Str:  4    XL:     4   Next: 65%
Magic:  8/8        EV: 18    Int: 17    God:
Gold:   235        SH:  0    Dex: 17    Spells: 1/7 levels left
                                        Lives:  0   Deaths: 1

rFire    . . .     SeeInvis +   (weapon unavailable)
rCold    . . .     Gourm    .   (shield unavailable)
rNeg     . . .     Faith    .   (armour unavailable)
rPois    .         Spirit   .   (helmet unavailable)
rElec    .         Reflect  .   (cloak unavailable)
rCorr    .         Harm     .   (gloves unavailable)
MR       .....                  (boots unavailable)
Stlth    +++.......             (no amulet)
HPRegen  0.06/turn              m - ring of wizardry
MPRegen  0.11/turn              (no ring)

@: quick
A: very small, no armour, no weapons or thrown items, stealth, claws 1, fangs 3,
see invisible, carnivore, speed 1, shaggy fur 1, slow metabolism 1, sharp paws
a: no special abilities


You were on level 3 of the Dungeon.
You were not hungry.

You visited 1 branch of the dungeon, and saw 3 of its levels.

You collected 235 gold pieces.

Inventory:

Jewellery
 m - a ring of wizardry (left paw)
Scrolls
 a - 2 scrolls of blinking {unknown}
 c - 5 scrolls of identify {unknown}
 d - 2 scrolls of enchant weapon {unknown}
 f - 3 scrolls of remove curse {unknown}
 g - 3 scrolls of amnesia {unknown}
 i - a scroll of teleportation {unknown}
 k - 2 scrolls of fear {unknown}
 l - 2 scrolls of magic mapping {unknown}
Potions
 j - a potion of cancellation {unknown}
Comestibles
 b - 4 rations


   Skills:
 - Level 2.6 Dodging
 - Level 2.6 Stealth
 - Level 2.0 Spellcasting
 - Level 6.0 Conjurations
 + Level 3.1 Hexes


You had one spell level left.
You knew the following spells:

 Your Spells              Type           Power        Failure   Level  Hunger
a - Magic Dart            Conj           ###.         1%          1    #......
b - Searing Ray           Conj           ###...       1%          2    ###....
c - Dazzling Spray        Conj/Hex       ###...       3%          3    ###....

Your spell library contained the following spells:

 Spells                   Type           Power        Failure   Level  Hunger
 Iskenderun's Mystic Bla  Conj           ###.....     6%          4    #####..
 Fulminant Prism          Conj/Hex       ###.......   12%         4    #####..
 Force Lance              Conj/Tloc      ##......     22%         4    #####..


Dungeon Overview and Level Annotations

Branches:
Dungeon (3/15)

Altars:


Innate Abilities, Weirdness & Mutations

You cannot wear armour.
You are incapable of wielding weapons or throwing items.
Your paws allow you to move quietly. (Stealth)
You have sharp claws.
You have razor-sharp teeth.
You have supernaturally acute eyesight. (SInv)
You are carnivorous and can eat meat at any time.
You cover ground quickly.
You are covered in fur. (AC +1)
You have a slow metabolism.
Your sharp claws are effective at attacking unaware monsters.


Message History

The orc priest is no longer blind.
The orc priest closely misses you.
Casting: Magic Dart (safe; 1% risk of failure)
Confirm with . or Enter, or press ? or * to list all spells.
You don't have enough magic to cast that spell.
Unknown command.
Unknown command.
Okay, then.
It was a potion of curing.
You feel better.
The orc priest calls down the wrath of Beogh upon you.
Beogh smites you!
Ouch! That really hurt!
* * * LOW HITPOINT WARNING * * *
You scratch the orc priest.
The orc priest is almost dead.
The orc priest calls down the wrath of Beogh upon you.
Beogh smites you!
You die...
You are now level 4!
You rejoin the land of the living...
Are you sure you want to abandon this character and quit the game? (Confirm

.[♣♣ ♣.♣♣ #.#
#)))#♣♣ ♣.#..[ ♣♣♣
♣.♣ #.# ##### ♣♣###.
♣ ♣♣†♣ #.# ##. ♣
♣.♣♣ #.# #.. ♣.♣
#.##### #.# ♣♣♣.♣
#.....############.#
♣..♣♣
#..................#
♣♣♣♣♣.♣♣
#>....##############
..♣♣..♣ #..@..#
♣.♣..♣♣ #.#####
♣♣.♣.♣♣♣ #)#
♣♣♣...♣♣♣♣ #.#
♣♣.♣.♣.♣♣ #.#
♣♣♣♣...♣♣#.#
♣♣♣..♣#.# ♣♣.♣#)# ♣
♣....#


There were no monsters in sight!

Vanquished Creatures
  Crazy Yiuf (D:3)
  Jessica (D:2)
  A gnoll (D:3)
  5 adders
  3 oozes
  2 worms (D:2)
  3 dart slugs
  A leopard gecko (D:3)
  5 orcs (D:3)
  12 bats
  3 giant cockroaches
  8 goblins
  10 hobgoblins
  6 jackals
  9 kobolds
  A ball python (D:3)
  5 frilled lizards
  5 rats
81 creatures vanquished.

Notes
Turn   | Place    | Note
-------+----------+-------------------------------------------
     0 | D:1      | inc the Felid Conjurer began the quest for the Orb.
     0 | D:1      | Reached XP level 1. HP: 7/7 MP: 4/4
   199 | D:1      | Reached skill level 4 in Conjurations
   285 | D:1      | Reached XP level 2. HP: 9/11 MP: 0/6
   557 | D:1      | Reached XP level 3. HP: 14/14 MP: 0/7
  1386 | D:2      | Reached skill level 5 in Conjurations
  1608 | D:2      | Reached XP level 4. HP: 18/18 MP: 3/8
  2094 | D:2      | Noticed Jessica
  2100 | D:2      | Killed Jessica
  2386 | D:2      | Reached XP level 5. HP: 21/21 MP: 0/9
  3019 | D:3      | Reached skill level 6 in Conjurations
  3160 | D:3      | Found a runed door.
  3167 | D:3      | Learned a level 2 spell: Searing Ray
  3171 | D:3      | Learned a level 3 spell: Dazzling Spray
  3171 | D:3      | Noticed Crazy Yiuf
  3180 | D:3      | Killed Crazy Yiuf
  3685 | D:3      | HP: 1/31 [poisoned by an adder]
  3999 | D:3      | Killed from afar by an orc priest
  4000 | D:3      | Reached XP level 4. HP: -4/18 MP: 0/8
  4000 | D:3      | Quit the game

Skill      XL: |  1  2  3  4  5 |
---------------+----------------+-----
Conjurations   | 4 5 6 |  6.0
Hexes          | 3 |  3.1
Dodging        | |  2.6
Stealth        | |  2.6
Spellcasting   | |  2.0

Action                   |  1- 3 |  4- 6 || total
-------------------------+-------+-------++-------
Melee: Unarmed           |    25 |    37 ||    62
       Bite              |       |     1 ||     1
 Cast: Magic Dart        |    78 |   120 ||   198
       Dazzling Spray    |       |     4 ||     4
  Use: Potion            |       |     2 ||     2
 Stab: Invisible         |       |     4 ||     4
  Eat: Chunk             |       |    10 ||    10
Armor: Skin              |     5 |     7 ||    12
Dodge: Dodged            |    19 |    42 ||    61
